 Dungeon Crawl Stone Soup version 0.31-a0-1178-gc5c9b8f871 (webtiles) character file.

Game seed: 7775444020679566848

234933 Milesaru the Dealer of Despair (level 18, -3/107 HPs)
             Began as a Demonspawn Necromancer on Dec 6, 2023.
             Was an Elder of Kikubaaqudgha.
             Killed from afar by a deep elf zephyrmancer (21 damage)
             ... with a bolt of lightning
             ... on level 1 of the Elven Halls on Dec 11, 2023.
             The game lasted 07:21:48 (45446 turns).

Milesaru the Dealer of Despair (DsNe)              Turns: 45446, Time: 07:22:01

Health: -3/107     AC: 12    Str:  8    XL:     18   Next: 46%
Magic:  39/39      EV: 14    Int: 28    God:    Kikubaaqudgha [****..]
Gold:   3581       SH:  6    Dex: 13    Spells: 6/52 levels left

rFire   + . .        Z - +8 autumn katana {manifold assault}
rCold   + . .        (no shield)
rNeg    . . .        l - +1 robe of Edipos {Will+ Str-2 Int+5}
rPois   .            N - +2 hat
rElec   .            d - scarf {rC+ rF+}
rCorr   .            b - +0 pair of gloves
SInv    .            v - +1 pair of boots {rampage}
Will    +++..        (no amulet)
Stlth   ++           Q - ring of willpower
HPRegen 0.37/turn    i - +4 ring of protection
MPRegen 0.26/turn

%: rampage
@: animating dead, studying 2 skills
A: hooves 2, large bone plates 2, demonic guardian 2, icemail 2, condensation
shield, deterioration 1, passive freeze
}: 2/15 runes: decaying, gossamer
a: Renounce Religion, Unearth Wretches


You were on level 1 of the Elven Halls.
You worshipped Kikubaaqudgha.
Kikubaaqudgha was greatly pleased with you.
You visited 7 branches of the dungeon, and saw 32 of its levels.
You also visited: Trove, Sewer and Ossuary.

You collected 5357 gold pieces.
You spent 1776 gold pieces at shops.

Inventory:

Hand Weapons
 Z - the +8 autumn katana (weapon) {manifold assault}
   (You found it on level 5 of the Lair of Beasts)
Armour
 b - a +0 pair of gloves (worn)
 d - a scarf of resistance (worn)
 l - the +1 robe of Edipos (worn) {Will+ Str-2 Int+5}
   (You found it on level 1 of the Spider Nest)

   Str-2:     It affects your strength (-2).
   Int+5:     It affects your intelligence (+5).
   Will+:     It increases your willpower.
 q - a +3 troll leather armour {Snorg}
 v - a +1 pair of boots of rampaging (worn)
 N - a +2 hat (worn)
 O - a scarf of invisibility
Jewellery
 a - an amulet of regeneration
 i - a +4 ring of protection (right hand)
 s - an amulet of magic regeneration
 z - a ring of wizardry
 C - a ring of willpower
 Q - a ring of willpower (left hand)
Wands
 f - a wand of paralysis (18)
 u - a wand of mindburst (15)
 w - a wand of acid (17)
 T - a wand of iceblast (39)
 U - a wand of flame (16)
Scrolls
 h - 3 scrolls of blinking
 k - a scroll of silence {unknown}
 o - 6 scrolls of fear
 r - 4 scrolls of revelation
 t - 7 scrolls of amnesia
 y - 3 scrolls of brand weapon
 E - 7 scrolls of fog
 F - a scroll of immolation {unknown}
 K - 7 scrolls of teleportation
 L - 2 scrolls of vulnerability {unknown}
 X - 2 scrolls of acquirement {unknown}
Potions
 e - 6 potions of brilliance
 g - 2 potions of haste
 j - 3 potions of heal wounds
 m - 5 potions of resistance
 n - 3 potions of might
 p - 10 potions of curing
 A - a potion of experience
 B - 3 potions of enlightenment
 G - 5 potions of cancellation
 H - 2 potions of invisibility
 J - 6 potions of ambrosia
Miscellaneous
 x - a box of beasts
 D - a lightning rod (4/4)
 M - a phial of floods
 V - a condenser vane
 W - a phantom mirror


   Skills:
 - Level 0.5 Long Blades
 - Level 1.0 Polearms
 + Level 0.2 Throwing
 - Level 0.7 Armour
 + Level 5.8 Dodging
 - Level 3.9 Stealth
 - Level 0.3 Shields
 + Level 17.7 Spellcasting
 - Level 1.1 Hexes
 * Level 26.3 Necromancy
 + Level 0.3 Translocations
 - Level 0.4 Ice Magic
 * Level 15.1 Evocations


You had 6 spell levels left.
You knew the following spells:

 Your Spells              Type           Power      Damage    Failure   Level
a - Necrotise             Necr           100%       1d9       0%          1
b - Vampiric Draining     Necr           100%       2d13      0%          3
c - Animate Dead          Necr           100%       N/A       0%          4
d - Agony                 Necr           100%       N/A       0%          5
e - Cigotuvi's Dreadful   Necr/Pois/Air  100%       N/A       1%          2
f - Sublimation of Blood  Necr           100%       N/A       0%          2
g - Freeze                Ice            100%       1d10      1%          1
h - Anguish               Hex/Necr       40%        N/A       1%          4
i - Dispel Undead         Necr           100%       3d31      0%          4
j - Death Channel         Necr           53%        N/A       0%          6
k - Ensorcelled Hibernat  Hex/Ice        58%        N/A       1%          2
l - Swiftness             Air            25%        N/A       5%          3
m - Volatile Blastmotes   Fire/Tloc      50%        2d14      4%          3
n - Teleport Other        Tloc           26%        N/A       4%          3
o - Stone Arrow           Conj/Erth      48%        3d10      5%          3

Your spell library contained the following spells:

 Spells                   Type           Power      Damage    Failure   Level
 Slow                     Hex            100%       N/A       1%          1
 Simulacrum               Ice/Necr       39%        N/A       1%          6
 Lesser Beckoning         Tloc           52%        N/A       2%          2
 Passwall                 Tmut/Erth      20%        N/A       2%          2
 Wereblood                Tmut           24%        N/A       2%          2
 Tukima's Dance           Hex            31%        N/A       3%          3
 Dazzling Flash           Conj/Hex       56%        N/A       4%          3
 Frozen Ramparts          Ice            54%        1d9       4%          3
 Gell's Gravitas          Tloc           26%        N/A       4%          3
 Hailstorm                Conj/Ice       25%        3d7       4%          3
 Inner Flame              Hex/Fire       28%        N/A       4%          3
 Dimensional Bullseye     Hex/Tloc       14%        N/A       13%         4
 Leda's Liquefaction      Hex/Erth       14%        N/A       14%         4
 Passage of Golubria      Tloc           26%        N/A       16%         4
 Iskenderun's Mystic Bla  Conj/Tloc      25%        2d7       17%         4
 Summon Ice Beast         Ice/Summ       25%        N/A       17%         4
 Animate Armour           Summ/Erth      48%        N/A       19%         4
 Olgreb's Toxic Radiance  Pois           24%        N/A       19%         4
 Silence                  Hex/Air        14%        N/A       36%         5
 Summon Mana Viper        Hex/Summ       28%        N/A       36%         5
 Yara's Violent Unravell  Hex/Tmut       14%        3d7       36%         5
 Summon Forest            Summ/Tloc      12%        N/A       43%         5
 Lee's Rapid Deconstruct  Erth           12%        3d8*      45%         5
 Bombard                  Conj/Erth      12%        9d3       95%         6
 Starburst                Conj/Fire      12%        6d5       95%         6
 Summon Cactus Giant      Summ           12%        N/A       95%         6
 Enfeeble                 Hex            15%        N/A       100%        7
 Summon Hydra             Summ           12%        N/A       100%        7
 Discord                  Hex            15%        N/A       100%        8
 Ignition                 Fire           12%        3d6       100%        8
 Lehudib's Crystal Spear  Conj/Erth      12%        10d4      100%        8
 Maxwell's Capacitive Co  Air            12%        ∞         100%        8


Dungeon Overview and Level Annotations

Branches:
Dungeon (15/15)            Temple (1/1) D:5            Lair (5/5) D:8
  Swamp (4/4) Lair:2       Spider (4/4) Lair:2        Slime (0/5) Lair:5
    Orc (2/2) D:12            Elf (1/3) Orc:2        Vaults (0/5) D:14
 Depths (0/4) D:15          Sewer (visited)         Ossuary (visited)

Altars:
Ashenzari
Cheibriados
Dithmenos
Fedhas
Gozag
Hepliaklqana
Kikubaaqudgha
Makhleb
Nemelex Xobeh
Okawaru
Qazlal
Ru
Sif Muna
Trog
Uskayaw
Vehumet
Wu Jian
Xom
Yredelemnul

Shops:
Orc:1 (   Orc:2 :[*:

Portals:
Abyss: Swamp:1

Annotations:
D:15 2 transporters, Ifijom's ghost, adept NaSh
Swamp:1 2 transporters, TobyConnect's ghost, journeyman TeAE


Innate Abilities, Weirdness & Mutations

You have hoof-like feet.
You are mostly covered in large bone plates. (SH +6)
A demonic guardian rushes to your aid.
A meltable icy envelope protects you from harm. (AC +0)
A meltable shield of frost defends you. (SH +0)
Your body sometimes deteriorates upon taking damage.
A frigid envelope surrounds you and freezes all who hurt you.


Message History

You feel your intelligence returning.
You continue taking off your amulet of magic regeneration.
A nearby deep elf archer perishes wretchedly.
The dead are walking!
Something hits your deep elf knight zombie!
The deep elf pyromancer misses you.
Your deep elf pyromancer zombie barely misses the deep elf zephyrmancer.
Your soul eater barely misses something.
You continue taking off your amulet of magic regeneration.
Something hits your deep elf knight zombie!!
The deep elf pyromancer gestures wildly while chanting.
The deep elf pyromancer blinks!
The deep elf zephyrmancer mumbles some strange words.
The deep elf zephyrmancer blinks!
The deep elf archer unwields a +0 dagger.
The deep elf archer wields a +0 longbow.
The deep elf archer shoots an arrow.
The arrow hits you!!
* * * LOW HITPOINT WARNING * * *
The deep elf archer is wracked by anguish!!
The deep elf archer dies!
Kikubaaqudgha accepts your kill.
The dead are walking!
Your soul eater closely misses something.
You hear a shout!
You continue taking off your amulet of magic regeneration.
Magic restored.
A shard of ice appears from out of thin air!
The shard of ice hits your deep elf knight zombie!!
Your deep elf knight zombie partially resists.
You block the deep elf pyromancer's attack.
Your soul eater misses something.
You finish taking off your amulet of magic regeneration.
Your deep elf archer zombie hits the deep elf zephyrmancer.
Your deep elf knight zombie hits the deep elf pyromancer!
Something hits your deep elf knight zombie!
The deep elf zephyrmancer casts a spell at you.
The bolt of lightning hits your deep elf pyromancer zombie!
The bolt of lightning hits you!!
You die...
Kikubaaqudgha rasps: "You have failed me!
Welcome... death!" #.# ## .. ... .## #.# .. #)# eZ.

e.).###.#####e####
#....)Z...)..e..
#.3.ZZ.)#
##Z..Z.## ##e@Z##
##+##


You could see 2 deep elf pyromancers, 2 deep elf zephyrmancers, a friendly soul
eater (summoned), 2 friendly deep elf knight zombies, 2 friendly deep elf
pyromancer zombies, a friendly deep elf annihilator zombie and 2 friendly deep
elf archer zombies.

Vanquished Creatures
  The ghost of Iffuusoj the Severer, an adept MiBe of Trog (Swamp:4)
  3 fenstrider witches
  A ghost moth (Spider:4)
  2 broodmothers (Spider:4)
  Snorg (D:11)
  A spark wasp (Spider:4)
  An entropy weaver (Spider:4)
  An alligator (Swamp:1)
  5 hydras
  A vault guard (D:14)
  A sphinx zombie (D:15)
  The ghost of BigAl98 the Grappler, a novice TrFi of Gozag (D:8)
  2 two-headed ogres
  4 centaur warriors
  A death knight (D:15)
  5 boulder beetles
  A radroach (Spider:4)
  A catoblepas (Lair:5)
  A vampire mage (D:15)
  A demonic crawler (Spider:2)
  A death yak (Lair:5)
  2 orc high priests (Orc:2)
  2 tengu warriors
  Urug (D:10)
  Nergalle (Orc:1)
  A skyshark (Lair:5)
  A spark wasp zombie (D:15)
  A storm dragon skeleton (D:15)
  A bog body (Swamp:1)
  2 swamp dragons
  A spectral jorogumo (Spider:4)
  4 steelbarb worms
  A necromancer (D:15)
  An orc sorcerer (Orc:2)
  2 wolf spiders
  2 deep elf pyromancers
  An ugly thing (D:11)
  A manticore (Lair:5)
  A faun (shapeshifter) (D:14)
  4 cyclopes
  2 black mambas (Lair:1)
  A torpor snail (Spider:4)
  2 elephants
  11 cane toads
  2 unseen horrors
  An efreet (D:15)
  2 rime drakes
  5 komodo dragons
  A yaktaur (D:6)
  2 tengu conjurers
  A polar bear (Lair:5)
  A guardian mummy (D:12)
  A meliai (D:13)
  A spectral tarantella (Spider:4)
  4 trolls
  6 blink frogs
  2 tarantellas
  3 hornets
  Grinder (D:4)
  A dream sheep (Lair:3)
  3 slime creatures
  2 wyverns
  2 culicivoras
  2 jumping spiders
  2 shadows
  2 water elementals (D:15)
  A vampire (D:8)
  25 yaks
  2 wraiths
  3 humans
  Eustachio (D:5)
  2 steam dragons
  A spriggan simulacrum (Swamp:4)
  The ghost of heinrich the Twirler, an amateur DjGl (D:3)
  3 redbacks
  2 wargs
  An acid dragon (D:12)
  A swamp worm (shapeshifter) (D:8)
  3 vampire mosquitoes
  A swamp worm (Swamp:3)
  7 water moccasins
  Duvessa (D:4)
  17 orc warriors
  3 black bears
  2 ice beasts
  7 ogres
  11 wolves
  9 centaurs
  2 phantoms (D:5)
  3 kobold brigands
  Blork the orc (D:4)
  2 bullfrogs
  5 scorpions
  3 wights (D:6)
  Dowan (D:4)
  12 killer bees
  7 howler monkeys
  5 electric eels
  6 hounds
  4 jellies
  16 orc priests
  A sleepcap (D:7)
  5 iguanas
  18 orc wizards
  Natasha (twice) (D:4)
  5 mummies
  17 gnolls
  13 adders
  A river rat (Sewer)
  2 white imps (D:8)
  2 worms (D:3)
  5 dart slugs
  49 orcs
  5 endoplasms
  4 giant cockroaches
  2 gnoll zombies (Ossuary)
  10 goblins
  8 hobgoblins
  2 jackals (D:2)
  19 kobolds
  A quokka (D:1)
  13 ball pythons
  9 bats
  5 frilled lizards
  3 hobgoblin zombies (Ossuary)
  2 jackal skeletons (D:6)
  2 kobold zombies (D:6)
  3 orc zombies (Ossuary)
  5 rats
513 creatures vanquished.

Vanquished Creatures (collateral kills)
  Saint Roka (Orc:2)
  Rupert (Lair:4)
  Jorgrun (Spider:1)
  A tentacled monstrosity (Swamp:4)
  A kraken (Swamp:4)
  Agnes (Spider:1)
  Kirke (Spider:1)
  3 fenstrider witches
  2 ghost moths
  2 emperor scorpions (Spider:4)
  A broodmother (Spider:4)
  3 ghouls (Swamp:2)
  2 eleionomae (Swamp:1)
  8 bunyips
  A spark wasp (Spider:2)
  A shambling mangrove (Swamp:1)
  2 entropy weavers (Spider:1)
  A spectral fenstrider witch (Swamp:4)
  Josephine (Lair:4)
  11 hydras
  A radroach (Spider:4)
  5 ghost crabs
  2 catoblepae (Lair:5)
  A spriggan air mage (Swamp:4)
  6 alligators
  4 boulder beetles
  3 jorogumos
  6 death scarabs (Spider:4)
  2 two-headed ogres
  A centaur warrior (D:13)
  10 death yaks
  4 demonic crawlers
  2 dancing weapons (Elf:1)
  An orc high priest (Orc:2)
  Sonja (Lair:4)
  A spriggan (Swamp:3)
  4 spectral spriggans (Swamp:4)
  A skyshark (Lair:5)
  Amaemon (Lair:2)
  6 pharaoh ants
  2 skeletal warriors (D:15)
  10 swamp dragons
  6 goliath frogs
  4 orb spiders
  2 sun moths
  An arcanist (D:15)
  2 spectral wolf spiders (Spider:4)
  5 steelbarb worms
  7 bog bodies
  2 orc knights
  3 deep elf pyromancers
  A wolf spider zombie (Spider:4)
  2 fenstrider witch simulacra (Swamp:4)
  11 wolf spiders
  2 cyclopes
  3 orc sorcerers (Orc:2)
  A manticore (Lair:5)
  3 moths of wrath (Spider:4)
  3 ugly things (D:14)
  2 will-o-the-wisps (Swamp:3)
  4 elephants
  A slime creature (D:11)
  2 kobold blastminers
  A moth of wrath (shapeshifter) (D:14)
  3 black mambas
  4 torpor snails
  2 cane toads (Lair:5)
  An orange demon (Lair:2)
  4 komodo dragons
  2 redback zombies (Spider:4)
  4 rime drakes
  3 spectral redbacks (Spider:4)
  A freezing wraith (D:14)
  A spectral death drake (Swamp:4)
  2 trolls (Orc:2)
  2 meliai (D:13)
  4 tyrant leeches
  2 culicivora zombies (Spider:4)
  2 polar bears
  2 spectral tarantellas (Spider:4)
  A tarantella zombie (Spider:4)
  A spectral culicivora (Spider:4)
  2 spectral jumping spiders (Spider:4)
  2 hornets
  5 blink frogs
  8 tarantellas
  10 dream sheep (Lair:3)
  2 jumping spider zombies (Spider:4)
  17 jumping spiders
  3 wraiths (Lair:4)
  3 wyverns
  3 water elementals (D:15)
  13 culicivoras
  37 yaks
  A shadow (D:10)
  3 basilisks
  5 hogs (Spider:1)
  Grum (D:8)
  A steam dragon (Lair:3)
  5 humans (D:14)
  46 redbacks
  9 vampire mosquitoes
  4 wargs
  11 swamp worms
  8 water moccasins
  9 orc warriors
  7 swamp drakes (Swamp:4)
  A spriggan simulacrum (Swamp:4)
  A black bear (D:6)
  2 ogres
  3 wolves
  A phantom (D:6)
  A kobold brigand (D:9)
  3 bullfrogs
  A wight (D:6)
  2 howler monkeys
  13 orc priests
  14 orc wizards
  Natasha (D:4)
  4 mummies (Ossuary)
  3 gnolls
  A shadow imp (D:5)
  A white imp (D:5)
  26 orcs
  A bat (D:6)
  2 endoplasms
  2 hobgoblins
  A quokka (D:1)
  2 tentacles (Swamp:4)
529 creatures vanquished.

Vanquished Creatures (others)
  the Lernaean hydra (Swamp:4)
  Asterion (Spider:2)
  5 fenstrider witches
  7 emperor scorpions
  4 ghost moths
  7 broodmothers
  Nessos (Orc:2)
  A deep elf annihilator (Elf:1)
  An eleionoma (Swamp:4)
  A bunyip (Swamp:3)
  A spark wasp (Spider:4)
  2 ettins (D:15)
  An entropy weaver (Spider:4)
  4 jorogumos
  A vault guard (D:14)
  3 hydras
  2 alligators (Swamp:4)
  4 radroaches
  A centaur warrior (D:15)
  8 spriggan air magi
  5 fenstrider witch zombies
  6 boulder beetles
  A two-headed ogre (Orc:2)
  A death knight (D:8)
  A tengu warrior (D:6)
  2 death yaks
  A deep troll earth mage (D:15)
  A death scarab (Spider:4)
  2 orc high priests (Orc:2)
  5 spriggan berserkers
  5 deep elf knights
  An emperor scorpion zombie (Spider:2)
  Lodul (D:14)
  A pharaoh ant (Spider:2)
  4 goliath frogs
  3 spriggan riders
  7 death drakes
  2 orb spiders
  4 swamp dragons
  2 deep elf archers (Elf:1)
  4 deep elf zephyrmancers (Elf:1)
  An alligator zombie (Swamp:4)
  7 goliath frog zombies
  An orc knight (Orc:1)
  2 deep elf pyromancers
  5 broodmother zombies
  An eleionoma zombie (Swamp:4)
  5 ugly thing zombies (D:14)
  2 wolf spiders (Spider:4)
  5 wolf spider zombies
  3 jorogumo zombies
  3 manticores
  2 cyclopes
  2 ugly things (D:14)
  2 orc sorcerers (Orc:2)
  6 centaur zombies
  A moth of wrath (Spider:3)
  2 elephants
  4 black mambas
  A kobold blastminer (Orc:2)
  2 torpor snails
  A cane toad (Lair:4)
  An orb spider zombie (Spider:1)
  6 death yak zombies
  A catoblepas zombie (Lair:5)
  2 unseen horror zombies
  An unseen horror (D:15)
  A steelbarb worm zombie (Spider:3)
  3 komodo dragons (Lair:4)
  2 swamp worm zombies
  24 redback zombies
  5 death drake zombies (Swamp:4)
  A bloated husk (Swamp:4)
  2 trolls (Orc:2)
  4 tyrant leeches
  A demonic crawler zombie (Spider:2)
  A hornet (D:7)
  2 moth of wrath zombies
  4 hydra zombies
  2 blink frogs
  3 boulder beetle zombies
  9 culicivora zombies
  6 jumping spider zombies
  6 tarantellas
  3 dream sheep (Lair:3)
  6 spriggan zombies
  6 tarantella zombies
  3 radroach zombies
  2 meliai zombies (D:13)
  3 culicivoras
  An ettin zombie (D:15)
  A raiju (shapeshifter) (D:15)
  A slime creature (D:14)
  A jumping spider (Spider:4)
  4 black mamba zombies
  A basilisk (D:6)
  3 humans (D:14)
  A wraith (Lair:4)
  A yak (Lair:5)
  5 redbacks
  3 vampire mosquitoes
  A two-headed ogre zombie (Orc:2)
  4 wargs (Orc:2)
  A human zombie (D:15)
  A cane toad zombie (Lair:4)
  3 swamp worms (Swamp:4)
  A faun zombie (D:14)
  3 water moccasins
  3 swamp drakes
  An entropy weaver zombie (Spider:4)
  8 orc warriors
  8 elf zombies
  4 swamp dragon zombies
  An elephant zombie (Lair:5)
  3 ogres
  A ghost crab zombie (Swamp:1)
  2 centaurs
  2 wolves
  3 torpor snail zombies
  4 vampire mosquito zombies (Swamp:1)
  3 hog zombies (Spider:1)
  2 rime drake zombies
  2 bullfrogs
  4 komodo dragon zombies
  A wyvern zombie (Lair:5)
  5 water moccasin zombies
  4 troll zombies
  4 warg zombies (Orc:2)
  21 yak zombies
  A raiju zombie (D:15)
  2 polar bear zombies
  2 electric eels
  2 wolf zombies (D:8)
  4 bullfrog zombies
  5 orc priests
  A scorpion zombie (D:6)
  3 orc wizards (Orc:2)
  10 killer bee zombies
  10 ogre zombies
  An acid dragon zombie (D:12)
  A hound zombie (D:5)
  4 howler monkey zombies
  5 swamp drake zombies
  An adder (D:6)
  An iguana zombie (D:6)
  3 adder zombies
  11 orcs
  A bat zombie (D:6)
  A hobgoblin (D:15)
  3 gnoll zombies
  A hobgoblin zombie (D:15)
  4 kobold zombies
  77 orc zombies
  7 foxfires (Swamp:3)
  11 tentacles (Swamp:4)
577 creatures vanquished.

Grand Total: 1619 creatures vanquished

Notes
Turn   | Place    | Note
-------+----------+-------------------------------------------
     0 | D:1      | Milesaru the Demonspawn Necromancer began the quest for the
                  | Orb.
     0 | D:1      | Reached XP level 1. HP: 13/13 MP: 3/3
   218 | D:1      | Gained mutation: A meltable shield of frost defends you.
                  | (SH +0) [demonic ancestry]
   218 | D:1      | Reached XP level 2. HP: 19/19 MP: 3/5
   599 | D:1      | Reached skill level 5 in Necromancy
  1254 | D:2      | Reached XP level 3. HP: 24/24 MP: 3/6
  1454 | D:2      | HP: 1/24 [gnoll/+0 flail (4)]
  1455 | D:2      | Reached XP level 4. HP: 2/30 MP: 4/7
  1625 | D:2      | Learned a level 3 spell: Vampiric Draining
  1630 | D:2      | Learned a level 4 spell: Animate Dead
  2620 | D:3      | Reached skill level 6 in Necromancy
  2703 | D:3      | Gained mutation: A meltable icy envelope protects you from
                  | harm. (AC +0) [demonic ancestry]
  2703 | D:3      | Reached XP level 5. HP: 35/35 MP: 5/10
  3138 | D:3      | Found an ornate altar of the Wu Jian Council.
  3214 | D:3      | Found a transporter.
  3265 | D:3      | Found a transporter.
  3275 | D:3      | Noticed heinrich's ghost (amateur DjGl)
  3462 | D:3      | Noticed a water moccasin
  3484 | D:3      | Killed a water moccasin
  3485 | D:3      | Gained mutation: A weak demonic guardian rushes to your
                  | aid. [demonic ancestry]
  3485 | D:3      | Reached XP level 6. HP: 41/41 MP: 0/12
  3990 | D:3      | Reached skill level 7 in Necromancy
  4016 | D:3      | Killed heinrich's ghost
  4017 | D:3      | Gained mutation: You have large cloven feet. [demonic
                  | ancestry]
  4017 | D:3      | Reached XP level 7. HP: 29/46 MP: 9/13
  4229 | D:4      | Noticed Natasha
  4251 | D:4      | Killed Natasha
  4364 | D:4      | Noticed Natasha
  4384 | D:4      | Killed Natasha
  4776 | D:4      | Noticed Grinder
  4818 | D:4      | Killed Grinder
  4819 | D:4      | Reached skill level 5 in Spellcasting
  4819 | D:4      | Reached skill level 8 in Necromancy
  4930 | D:4      | Noticed Natasha
  4934 | D:4      | Killed Natasha
  5099 | D:4      | Noticed Blork the orc
  5107 | D:4      | Killed Blork the orc
  5108 | D:4      | Reached XP level 8. HP: 49/52 MP: 7/15
  5204 | D:4      | Learned a level 5 spell: Agony
  5332 | D:4      | Noticed Duvessa
  5332 | D:4      | Noticed Dowan
  5346 | D:4      | Killed Duvessa
  5347 | D:4      | Reached skill level 1 in Polearms
  5356 | D:4      | Killed Dowan
  5861 | D:5      | Entered Level 5 of the Dungeon
  6021 | D:5      | Found a glowing drain.
  6028 | Sewer    | Entered a sewer
  6328 | D:5      | Reached skill level 9 in Necromancy
  6512 | D:5      | Found a staircase to the Ecumenical Temple.
  6729 | Temple   | Entered the Ecumenical Temple
  6776 | Temple   | Became a worshipper of Kikubaaqudgha
  6936 | D:5      | Noticed Eustachio
  7103 | D:5      | Reached skill level 10 in Necromancy
  7140 | D:5      | Killed Eustachio
  7141 | D:5      | Reached XP level 9. HP: 57/57 MP: 7/19
  7425 | D:6      | Found a runed translucent door.
  7446 | D:6      | Found a sand-covered staircase.
  7501 | Ossuary  | Entered an ossuary
  7633 | Ossuary  | Reached * piety under Kikubaaqudgha
  7633 | Ossuary  | Received a gift from Kikubaaqudgha
  7637 | Ossuary  | Learned a level 2 spell: Cigotuvi's Dreadful Rot
  7640 | Ossuary  | Learned a level 2 spell: Sublimation of Blood
  7642 | Ossuary  | Learned a level 1 spell: Freeze
  8046 | D:6      | Found a basalt altar of Yredelemnul.
  8415 | D:6      | Reached skill level 11 in Necromancy
  9531 | D:6      | Reached skill level 1 in Evocations
  9934 | D:7      | Found a stormy altar of Qazlal.
 10260 | D:7      | Found a shimmering blue altar of Sif Muna.
 10489 | D:7      | Reached skill level 12 in Necromancy
 10567 | D:7      | Gained mutation: A demonic guardian rushes to your aid.
                  | [demonic ancestry]
 10567 | D:7      | Reached XP level 10. HP: 63/63 MP: 1/22
 11285 | D:8      | Noticed a two-headed ogre
 11286 | D:8      | Noticed BigAl98's ghost (novice TrFi)
 11287 | D:8      | Found a runed translucent gate.
 11287 | D:8      | Found a runed translucent gate.
 11287 | D:8      | Found a runed translucent gate.
 11353 | D:8      | Noticed Grum
 11375 | D:8      | Killed Grum
 11641 | D:8      | Your ally Grum died
 11980 | D:8      | Found a staircase to the Lair.
 12442 | Lair:1   | Entered Level 1 of the Lair of Beasts
 12494 | Lair:1   | Noticed a cane toad
 12505 | Lair:1   | Killed a cane toad
 12766 | D:9      | Reached skill level 13 in Necromancy
 12891 | D:9      | Reached ** piety under Kikubaaqudgha
 13214 | D:9      | Noticed a two-headed ogre
 13221 | D:9      | Killed a two-headed ogre
 13222 | D:9      | Reached XP level 11. HP: 68/68 MP: 24/24
 13519 | D:9      | Reached skill level 14 in Necromancy
 13724 | D:10     | Entered Level 10 of the Dungeon
 13853 | D:10     | Noticed Urug
 13872 | D:10     | Killed Urug
 15325 | Lair:1   | Reached skill level 10 in Spellcasting
 15417 | Lair:1   | Reached skill level 15 in Necromancy
 15643 | Lair:1   | Found an ornate altar of the Wu Jian Council.
 16379 | Lair:1   | Reached skill level 5 in Evocations
 16950 | Lair:2   | Noticed a seven-headed hydra
 16965 | Lair:2   | Noticed Amaemon
 16978 | Lair:2   | Killed Amaemon
 17120 | Lair:2   | Reached XP level 12. HP: 74/74 MP: 19/26
 17251 | Lair:2   | Reached skill level 16 in Necromancy
 17301 | Lair:2   | Reached *** piety under Kikubaaqudgha
 17301 | Lair:2   | Received a gift from Kikubaaqudgha
 17433 | Lair:2   | Killed a seven-headed hydra
 17577 | Lair:2   | Found a staircase to the Swamp.
 17864 | Lair:2   | Learned a level 4 spell: Anguish
 17869 | Lair:2   | Learned a level 4 spell: Dispel Undead
 17876 | Lair:2   | Learned a level 6 spell: Death Channel
 18190 | Lair:2   | Found a hole to the Spider Nest.
 18255 | Lair:2   | Reached skill level 17 in Necromancy
 18982 | Lair:3   | Found a transporter.
 18982 | Lair:3   | Found a transporter.
 18982 | Lair:3   | Noticed a boulder beetle
 18982 | Lair:3   | Noticed a boulder beetle
 19361 | Lair:3   | Noticed a five-headed hydra
 19380 | Lair:3   | Killed a five-headed hydra
 19686 | Lair:3   | Reached XP level 13. HP: 79/79 MP: 6/28
 19698 | Lair:3   | Reached **** piety under Kikubaaqudgha
 20637 | Lair:4   | Noticed Rupert
 20648 | Lair:4   | Noticed Sonja
 20659 | Lair:4   | Reached skill level 18 in Necromancy
 20662 | Lair:4   | Killed Rupert
 20664 | Lair:4   | Killed Sonja
 20885 | Lair:4   | HP: 3/79 [death yak (23)]
 20898 | Lair:4   | Reached skill level 1 in Hexes
 21244 | Lair:4   | Learned a level 2 spell: Ensorcelled Hibernation
 21561 | Lair:4   | Noticed Josephine
 21569 | Lair:4   | Killed Josephine
 21590 | Lair:4   | Upgraded the game from 0.31-a0-1144-g99969ba1bc to
                  | 0.31-a0-1164-geb876a39b7
 21782 | Lair:5   | Entered Level 5 of the Lair of Beasts
 22248 | Lair:4   | Reached skill level 19 in Necromancy
 22798 | Lair:5   | Gained mutation: You are partially covered in large bone
                  | plates. (SH +4) [demonic ancestry]
 22798 | Lair:5   | Reached XP level 14. HP: 85/85 MP: 18/31
 23052 | Lair:5   | Found a staircase to the Slime Pits.
 24349 | Lair:5   | Reached skill level 20 in Necromancy
 24565 | Lair:5   | Found the +8 autumn katana {manifold assault}
 24591 | Lair:5   | Learned a level 3 spell: Swiftness
 25829 | D:11     | Noticed Snorg
 25887 | D:11     | Killed Snorg
 26934 | D:12     | Found a portal to a secret trove of treasure.
 26996 | Trove    | Entered a treasure trove
 27224 | D:12     | Found a staircase to the Orcish Mines.
 28159 | D:13     | Upgraded the game from 0.31-a0-1164-geb876a39b7 to
                  | 0.31-a0-1178-gc5c9b8f871
 28193 | D:13     | HP: 3/81 [meliai/+0 war axe (6)]
 28196 | D:13     | HP: 1/81 [meliai/divine providence (11)]
 28421 | D:13     | You fall into a shaft and drop 1 floor!
 28474 | D:14     | Noticed Lodul
 28486 | D:14     | Killed Lodul
 28698 | D:14     | Your ally Lodul died
 28726 | D:14     | Reached skill level 21 in Necromancy
 28827 | D:14     | Reached XP level 15. HP: 59/90 MP: 1/33
 28969 | D:14     | Found a gate to the Vaults.
 30172 | D:15     | Entered Level 15 of the Dungeon
 30246 | D:15     | Found a transporter.
 30246 | D:15     | Noticed Ifijom's ghost (adept NaSh)
 30887 | D:15     | Learned a level 3 spell: Volatile Blastmotes
 30925 | D:15     | Identified the +4 mace of Omumux {speed, Dex+3}
 31118 | D:15     | Found a staircase to the Depths.
 31378 | D:15     | Found a transporter.
 31672 | D:15     | Found a shimmering blue altar of Sif Muna.
 31789 | D:15     | Got Sif Muna's Omnibus of Ill Luck
 32310 | Orc:1    | Entered Level 1 of the Orcish Mines
 32727 | Orc:1    | Noticed Nergalle
 32734 | Orc:1    | Killed Nergalle
 32742 | Orc:1    | Found Biorhuj's Antique Weapon Boutique.
 33101 | Orc:2    | Entered Level 2 of the Orcish Mines
 33103 | Orc:2    | Noticed Nessos
 33114 | Orc:2    | Killed Nessos
 33115 | Orc:2    | Reached skill level 22 in Necromancy
 33115 | Orc:2    | Reached skill level 10 in Evocations
 33163 | Orc:2    | Found a staircase to the Elven Halls.
 33192 | Orc:2    | Reached skill level 15 in Spellcasting
 33253 | Orc:2    | Your ally Nessos died
 33290 | Orc:2    | Found Hun Ymu's Book Shoppe.
 33290 | Orc:2    | Found Ruasax's Book Emporium.
 33290 | Orc:2    | Found Puguid's Antique Armour Shoppe.
 33344 | Orc:2    | Found Giqu Zou's Assorted Antiques.
 33464 | Orc:2    | Bought a scroll of identify for 56 gold pieces
 33464 | Orc:2    | Bought a scroll of enchant armour for 210 gold pieces
 33484 | Orc:2    | Bought a potion of haste for 280 gold pieces
 33484 | Orc:2    | Bought a scroll of blinking for 210 gold pieces
 33498 | Orc:2    | Noticed Saint Roka
 33523 | Orc:2    | Killed Saint Roka
 33915 | Orc:2    | Reached skill level 5 in Dodging
 34515 | Swamp:1  | Entered Level 1 of the Swamp
 34524 | Swamp:1  | Noticed a fenstrider witch
 34701 | Swamp:1  | Found a transporter.
 34704 | Swamp:1  | Noticed a Hell Sentinel
 34711 | Swamp:1  | Noticed a tentacled starspawn
 34795 | Swamp:1  | Found a one-way gate to the infinite horrors of the Abyss.
 34795 | Swamp:1  | Noticed TobyConnect's ghost (journeyman TeAE)
 34839 | Swamp:1  | Found a transporter.
 34863 | Swamp:1  | Gained mutation: You are mostly covered in large bone
                  | plates. (SH +6) [demonic ancestry]
 34863 | Swamp:1  | Reached XP level 16. HP: 84/96 MP: 12/35
 35518 | Swamp:2  | Reached skill level 23 in Necromancy
 35712 | Swamp:2  | Learned a level 3 spell: Teleport Other
 36890 | Swamp:4  | Entered Level 4 of the Swamp
 36911 | Swamp:4  | Noticed a tentacled monstrosity
 36915 | Swamp:4  | Killed a tentacled monstrosity
 37137 | Swamp:4  | Reached skill level 24 in Necromancy
 37137 | Swamp:4  | Noticed the 27-headed Lernaean hydra
 37151 | Swamp:4  | Killed the 27-headed Lernaean hydra
 37284 | Swamp:4  | Identified the +0 hand axe "Wefec" {freeze, ^Fragile Will+
                  | Str+5}
 37470 | Swamp:4  | Gained mutation: A meltable icy envelope protects you from
                  | harm. (AC +0) [demonic ancestry]
 37470 | Swamp:4  | Reached XP level 17. HP: 101/101 MP: 34/37
 37482 | Swamp:4  | Got a decaying rune of Zot
 37604 | Swamp:4  | Noticed a kraken
 37615 | Swamp:4  | Killed a kraken
 37709 | Swamp:4  | Found a runed translucent gate.
 37709 | Swamp:4  | Found a runed translucent gate.
 37709 | Swamp:4  | Found a runed translucent gate.
 37718 | Swamp:4  | Noticed Iffuusoj's ghost (adept MiBe)
 38125 | Swamp:4  | Killed Iffuusoj's ghost
 38357 | Spider:1 | Entered Level 1 of the Spider Nest
 38399 | Spider:1 | Noticed Kirke
 38410 | Spider:1 | Killed Kirke
 38420 | Spider:1 | Noticed Agnes
 38439 | Spider:1 | Killed Agnes
 38631 | Spider:1 | Noticed Jorgrun
 38641 | Spider:1 | Killed Jorgrun
 38652 | Spider:1 | Reached skill level 25 in Necromancy
 39032 | Spider:1 | Reached ***** piety under Kikubaaqudgha
 39053 | Spider:1 | Identified the +1 robe of Edipos {Will+ Str-2 Int+5}
 39316 | Spider:2 | Noticed Asterion
 39329 | Spider:2 | Killed Asterion
 40101 | Spider:3 | Identified the +8 halberd "Coreolal" {heavy, rF++ Dex+2
                  | SInv}
 41396 | Spider:4 | Entered Level 4 of the Spider Nest
 41900 | Spider:4 | Gained mutation: A frigid envelope surrounds you and
                  | freezes all who hurt you. [mutagenic glow]
 41926 | Spider:4 | Gained mutation: You have hoof-like feet. [demonic
                  | ancestry]
 41926 | Spider:4 | Reached XP level 18. HP: 93/107 MP: 5/39
 41948 | Spider:4 | Gained mutation: Your body sometimes deteriorates upon
                  | taking damage. [mutagenic glow]
 42383 | Spider:4 | Reached skill level 26 in Necromancy
 42680 | Spider:4 | Reached skill level 15 in Evocations
 42696 | Spider:4 | Got a gossamer rune of Zot
 42751 | Spider:4 | Learned a level 3 spell: Stone Arrow
 43884 | D:8      | Killed BigAl98's ghost
 45298 | Elf:1    | Entered Level 1 of the Elven Halls
 45326 | Orc:2    | Bought a book of Weapons for 476 gold pieces
 45326 | Orc:2    | Bought a book of the Tundra for 544 gold pieces
 45446 | Elf:1    | Killed from afar by a deep elf zephyrmancer

Illustrated notes

Levels and vault maps discovered:
D:1:      mrwooster_arrival_arrow, layout_basic
D:2:      layout_basic
D:3:      layout_loops_ring, mainiacjoe_overflow_alcove_2,
          gammafunk_ghost_gnarly_gnolls
D:4:      layout_loops_corners, uniq_natasha, uniq_duvessa, uniq_grinder,
          uniq_blork_the_orc
D:5:      layout_basic, minmay_temple_entry_statues,
          mainiacjoe_sewer_entry_somewhere_in_here_1, uniq_eustachio
D:6:      old_forge, layout_rooms, dk_yredelemnul_ordeal,
          nicolae_ossuary_entry_giza, minmay_between
D:7:      layout_basic, dreamdust_divine_triumvirate,
          mainiacjoe_overflow_catwalk_spiral, enter_bailey_5,
          roderic_nine_men_s_morris, nrook_campfire
D:8:      layout_basic, lair_entry_dummy, gammafunk_ghost_split,
          nicolae_hexahallways, fungi_pond_lemuel, uniq_grum
D:9:      layout_irregular_city, serial_co_window_serial,
          co_window_of_opportunity_a, co_window_corner_a, co_window_corner_a,
          co_window_corner_a, co_window_corner_a, co_window_unsneaky_path_b,
          co_window_unsneaky_path_d, co_window_2corner, co_window_broadway_a,
          co_window_of_opportunity_c, co_window_corner_cb, co_window_4corner_b,
          co_window_paths_d, glass_columns_b
D:10:     layout_basic, dk_noncrumbling_3, minmay_misc_feat_tiny, uniq_urug
D:11:     layout_stronghold, uniq_snorg
D:12:     layout_loops_ring, orc_0_dummy, nicolae_trove_entry_path_of_doom
D:13:     layout_irregular_city
D:14:     layout_basic, ximxim_vaults_locker_room, solitary_fountain, uniq_lodul
D:15:     gammafunk_depths_entry_grave, layout_basic, gammafunk_ghost_mausoleum,
          led_sif_book
Temple:   nicolae_temple_bog_church
Lair:1:   layout_hall_layers, gauntlet_entry_generic, basic_altar,
          grunt_megastairs_5, infiniplex_staircase_pool
Lair:2:   layout_loops_ring, skrybe_swamp_entry_bodies,
          spider_nest_entry_rubble, nicolae_lair_run_with_the_wolves,
          uniq_amaemon
Lair:3:   gammafunk_boulding_lane, layout_cave_pods
Lair:4:   layout_big_grid, serial_bayou_crossing, uniq_rupert, uniq_sonja,
          uniq_josephine
Lair:5:   evilmike_catoblepas_cave, layout_misc_corridors, slime_entry_1,
          serial_bayou_shore_a
Swamp:1:  layout_basic_swamp, gammafunk_ghost_abyssal_escape,
          evilmike_swamp_ruin_house_6
Swamp:2:  layout_falls_marsh, hangedman_swamp_pad
Swamp:3:  layout_basic_swamp, evilmike_swamp_ruin_house_1, swamp_pool_1_2
Swamp:4:  swamp_old_school, layout_basic_swamp, gammafunk_ghost_necromancy,
          nicolae_swamp_thats_no_hydra
Spider:1: layout_spider_delve, drop_trap, uniq_jorgrun, uniq_agnes, uniq_kirke
Spider:2: layout_spider_delve, uniq_asterion
Spider:3: layout_spider_delve, spiders_nest_hornet_nest
Spider:4: floodkiller_spider_rune_tomb, drop_trap, nicolae_spider_jagged_tunnels
Orc:1:    layout_caves, serial_shops, shop, uniq_nergalle
Orc:2:    st_orc_mages, layout_caves, mines5_lemuel, uniq_saint_roka,
          uniq_nessos
Elf:1:    minmay_the_grid_square_5x5_4x4 [minmay_the_grid_square_5x5_bite,
          minmay_the_grid_square_5x5_detours,
          minmay_the_grid_square_5x5_two_walls_a,
          minmay_the_grid_square_5x5_beaten_path,
          minmay_the_grid_square_5x5_bridge,
          minmay_the_grid_square_5x5_prize_pseudospiral,
          minmay_the_grid_square_5x5_prize_open,
          minmay_the_grid_square_5x5_forky, minmay_the_grid_square_5x5_slash,
          minmay_the_grid_square_5x5_prize_deathbox,
          minmay_the_grid_square_5x5_prize_snowflake,
          minmay_the_grid_square_5x5_inner_v, minmay_the_grid_square_5x5_empty,
          minmay_the_grid_square_5x5_shrine2, minmay_the_grid_square_5x5_spiral,
          minmay_the_grid_square_5x5_seven], layout_loops_corners,
          ebering_ghost_gozag, hangedman_elf_represent

Skill      XL: |  1  2  3  4  5  6  7  8  9 10 11 12 13 14 15 16 17 18 |
---------------+-------------------------------------------------------+-----
Necromancy     | 5 6 7 8 10 12 13 15 17 19 21 22 24 25 26 | 26.3
Spellcasting   | 3 4 5 6 8 9 10 11 13 14 15 16 17 | 17.7
Stealth        | 2 3 |  3.9
Dodging        | 2 3 4 5 |  5.8
Polearms       | 1 |  1.0
Evocations     | 1 3 5 6 7 8 10 12 14 15 | 15.1
Hexes          | 1 |  1.1
Long Blades    | |  0.5
Throwing       | |  0.2
Armour         | |  0.7
Shields        | |  0.3
Translocations | |  0.3
Ice Magic      | |  0.4

Action                     |  1- 3 |  4- 6 |  7- 9 | 10-12 | 13-15 | 16-18 || total
---------------------------+-------+-------+-------+-------+-------+-------++-------
  Melee: Unarmed           |     2 |       |       |       |       |       ||     2
         Dagger            |    13 |    25 |    39 |       |       |       ||    77
         Spear             |       |       |   186 |       |       |       ||   186
         Punch             |       |       |     9 |     4 |     3 |       ||    16
         Rapier            |       |       |    10 |   121 |    49 |       ||   180
         Katana            |       |       |       |       |   273 |    73 ||   346
  Throw: Throwing net      |       |     1 |     7 |       |       |       ||     8
         Dart              |       |       |     5 |       |       |       ||     5
   Cast: Necrotise         |    62 |   104 |   252 |   270 |   203 |    37 ||   928
         Vampiric Draining |       |     7 |    29 |   119 |   236 |    79 ||   470
         Animate Dead      |       |       |    21 |    16 |    42 |    22 ||   101
         Freeze            |       |       |     5 |     8 |     3 |     4 ||    20
         Cigotuvi's Dreadf |       |       |     1 |       |     1 |       ||     2
         Death Channel     |       |       |       |     5 |    26 |    45 ||    76
         Anguish           |       |       |       |     4 |    81 |    73 ||   158
         Dispel Undead     |       |       |       |       |    23 |     8 ||    31
         Swiftness         |       |       |       |       |     4 |       ||     4
         Agony             |       |       |       |       |     2 |     4 ||     6
         Sublimation of Bl |       |       |       |       |     2 |       ||     2
         Volatile Blastmot |       |       |       |       |     1 |       ||     1
         Teleport Other    |       |       |       |       |       |     2 ||     2
 Invoke: Unearth Wretches  |       |       |     4 |     2 |    13 |    21 ||    40
  Evoke: Wand              |       |     3 |     8 |     9 |    13 |     5 ||    38
         Lightning rod     |       |       |       |       |     6 |     4 ||    10
         Box of beasts     |       |       |       |       |     3 |     4 ||     7
         Phantom mirror    |       |       |       |       |     2 |     1 ||     3
         Condenser vane    |       |       |       |       |     1 |       ||     1
         Phial of floods   |       |       |       |       |     1 |     1 ||     2
    Use: Potion            |     1 |       |     2 |     1 |    12 |     7 ||    23
         Scroll            |       |     1 |     8 |     4 |    11 |     5 ||    29
   Stab: Paralysed         |       |     8 |    26 |     7 |     7 |     6 ||    54
         Distracted        |       |       |     1 |       |     6 |     2 ||     9
         Sleeping          |       |       |     2 |       |       |       ||     2
 Armour: Robe              |    16 |     1 |    39 |   282 |   197 |    22 ||   557
         Leather armour    |       |    27 |   168 |       |       |       ||   195
         Troll leather arm |       |       |       |       |   384 |    79 ||   463
         Swamp dragon scal |       |       |       |       |       |   114 ||   114
  Dodge: Dodged            |    16 |    46 |   145 |   207 |   381 |   133 ||   928
  Block: Other             |     7 |    12 |   105 |   131 |   252 |    86 ||   593
         Reflection        |       |       |     4 |     1 |     3 |       ||     8

Table legend: (Time is in decaauts)
 A = Elapsed time spent in this place.
 B = Non-inter-level travel time spent in this place.
 C = Inter-level travel time spent in this place.
 D = Time resting spent in this place.
 E = Time spent auto-exploring this place.
 F = Levels seen in this place.
 G = Mean time per level.
                   A        B        C        D        E       F      G
               +--------+--------+--------+--------+--------+-----+--------+
         Total |  46001 |  42726 |   3275 |   9719 |  16371 |  35 | 1314.3 |
       Dungeon |  23845 |  21676 |   2169 |   4133 |  10064 |  15 | 1589.7 |
        Temple |     56 |     54 |      2 |      0 |      0 |   1 |   56.0 |
          Lair |  10891 |  10261 |    630 |   4074 |   2779 |   5 | 2178.2 |
         Swamp |   4164 |   4038 |    126 |    494 |   1645 |   4 | 1041.0 |
   Spider Nest |   3947 |   3658 |    289 |    410 |   1093 |   4 |  986.8 |
  Orcish Mines |   2126 |   2068 |     58 |    309 |    738 |   2 | 1063.0 |
   Elven Halls |     42 |     42 |      0 |      0 |      0 |   1 |   42.0 |
         Trove |     83 |     83 |      0 |      0 |      0 |   1 |   83.0 |
         Sewer |    301 |    301 |      0 |    119 |      0 |   1 |  301.0 |
       Ossuary |    542 |    542 |      0 |    179 |     51 |   1 |  542.0 |
               +--------+--------+--------+--------+--------+-----+--------+

Top non-repeatable levels by time:
  Lair:5: 2803 daAuts
    D:15: 2333 daAuts
  Lair:1: 2327 daAuts
  Lair:2: 2139 daAuts
    D:11: 2120 daAuts
  Lair:3: 1963 daAuts
     D:6: 1921 daAuts
     D:9: 1906 daAuts
     D:8: 1839 daAuts
     D:4: 1779 daAuts
Spider:4: 1678 daAuts
  Lair:4: 1657 daAuts
     D:3: 1629 daAuts
     D:5: 1583 daAuts
     D:2: 1461 daAuts
